Get step-by-step instructions on how to execute this build order below. Start the game timer, and the build order will tick by so you can play in parallel with StarCraft on a second screen or mobile device.

Game Time

  0:00

Last Step

  N/A

Next Step

Upcoming Step



Don't want to look back and forth between 2 screens? Try out our Overwolf App, the Spawning Tool Build Advisor to get an in-game overlay with this build!

Complete Build Order

  12  0:00  Probe  
  13  0:12  Probe  
  14  0:17  Pylon  
  14  0:23  Probe  
  15  0:31  Probe  
  16  0:39  Probe, Gateway  
  16  0:47  Assimilator  
  17  0:51  Probe  
  18  1:03  Probe  
  19  1:15  Probe  
  20  1:26  Nexus  
  20  1:36  Cybernetics Core  
  20  1:39  Probe  
  21  1:45  Pylon  
  21  1:51  Probe  
  22  1:56  Assimilator  
  22  2:03  Stalker, Probe, Warp Gate  
  25  2:15  Probe  
  26  2:28  Probe  
  27  2:33  Adept  
  28  2:39  Robotics Facility  
  28  2:40  Probe x2  
  30  2:52  Probe x2  
  32  2:59  Gateway  
  32  3:04  Probe x2  
  34  3:14  Pylon  
  34  3:16  Probe x2  
  38  3:21  Stalker, Observer  
  38  3:27  Robotics Bay  
  38  3:31  Probe  
  38  3:32  Probe  
  41  3:36  Pylon  
  41  3:44  Probe x2, Observer  
  44  3:52  Warp Prism  
  44  3:56  Probe x2  
  44  3:57  Assimilator  
  44  4:00  Assimilator  
  46  4:03  Pylon  
  46  4:08  Probe x2  
  46  4:09  Adept  
  52  4:18  Gravitic Drive  
  52  4:20  Probe  
  52  4:23  Probe  
  54  4:24  Colossus  
  54  4:32  Probe, Shield Battery  
  54  4:36  Gateway  
  55  4:40  Gateway  
  55  4:44  Sentry  
  63  4:46  Probe  
  63  4:48  Probe  
  65  4:55  Pylon  
  65  4:57  Pylon  
  65  5:17  Colossus  
  65  5:19  Nexus  
  71  5:25  Probe x2  
  72  5:36  Stalker x2  
  72  5:37  Probe x2  
  78  5:49  Probe x2  
  80  6:00  Disruptor  
  80  6:02  Probe x2  
  74  6:06  Gateway  
  74  6:08  Gateway  
  74  6:11  Forge  
  74  6:14  Probe x2  
  79  6:19  Forge  
  79  6:23  Forge  
  79  6:26  Probe, Protoss Ground Weapons Level 1  
  79  6:27  Probe, Disruptor  
  79  6:30  Pylon  
  81  6:38  Probe  
  81  6:39  Probe  
  86  6:41  Probe  
  86  6:46  Twilight Council  
  87  6:51  Probe x2  
  87  6:53  Probe  
  90  6:54  Gateway  
  90  6:55  Protoss Ground Armor Level 1  
  90  7:03  Probe x2  
  90  7:05  Probe  
  90  7:06  Disruptor  
  96  7:09  Zealot x4  
  96  7:12  Charge  
  96  7:15  Probe  
  105  7:19  Photon Cannon  
  105  7:22  Probe  
  106  7:25  Assimilator  
  106  7:26  Stalker  
  108  7:32  Pylon  
  108  7:33  Pylon  
  108  7:34  Templar Archives  
  108  7:36  Pylon  
  108  7:49  Disruptor  
  108  7:50  Probe  
  112  7:52  Assimilator  
  112  8:05  Zealot x5  
  118  8:06  Zealot  
  118  8:11  Probe  
  118  8:12  Probe  
  126  8:18  Stalker  
  128  8:22  Psionic Storm  
  128  8:26  Gateway  
  128  8:29  High Templar, Gateway  
  128  8:30  High Templar  
  128  8:31  Gateway  
  130  8:34  Gateway  
  130  8:36  Pylon  
  130  8:40  Pylon  
  123  8:52  Zealot x2  
  123  8:53  Zealot x3  
  123  8:55  Archon  
  119  9:11  Zealot  
  107  9:18  Zealot x6  
  107  9:22  Zealot  
  107  9:33  Zealot x3  
  113  9:38  Zealot  
  113  9:39  Zealot x4  
  113  9:40  Zealot  
  106  9:54  Zealot x3  
  106  9:59  Zealot x4  
  112  10:05  Zealot x3